 Dungeon Crawl Stone Soup version 0.31-a0-473-g61b50ae490 (webtiles) character file.

Game seed: 4764739574130180282

2491 MisterAzrael the Grappler (level 9, -3/64 HPs)
             Began as a White Draconian Shapeshifter on Aug 7, 2023.
             Was a Believer of Makhleb.
             Killed from afar by an acid dragon (20 damage)
             ... with a splash of acid
             ... on level 7 of the Dungeon.
             The game lasted 00:13:43 (7266 turns).

MisterAzrael the Grappler (DrSh)                    Turns: 7266, Time: 00:13:44

Health: -3/64      AC:  3    Str: 21    XL:     9   Next: 27%
Magic:  14/14      EV: 12    Int:  8    God:    Makhleb [**....]
Gold:   445        SH:  0    Dex: 13    Spells: 5/15 levels left

rFire   . .          .
                       - Unarmed
rCold   + . .        (no shield)
rNeg    . . .        (body armour unavailable)
rPois   .            (helmet currently unavailable)
rElec   .            (cloak currently unavailable)
rCorr   .            (gloves currently unavailable)
SInv    .            (boots currently unavailable)
Will    ++...        (no amulet)
Stlth   +            d - ring of willpower
HPRegen 0.30/turn    n - ring of wizardry
MPRegen 0.14/turn

%: wizardry (x1)
@: confused, beast-form, ambrosia-drunk, corroded, enlightened, flying
A: beast (slay +3), breathe frost, AC +7, unfitting armour, cold resistance 1,
cold-blooded
a: Breathe Frost, Begin Untransformation, Renounce Religion, Minor Destruction


You were on level 7 of the Dungeon.
You worshipped Makhleb.
Makhleb was pleased with you.
You were a hulking beast.
You visited 1 branch of the dungeon, and saw 8 of its levels.

You collected 445 gold pieces.

Inventory:

Hand Weapons
 g - a +1 heavy falchion
Missiles
 o - 8 poisoned darts
 B - 6 boomerangs
Magical Staves
 y - a staff of poison
Jewellery
 d - a ring of willpower (left hand)
 h - a ring of protection from cold
 n - a ring of wizardry (right hand)
 p - a +5 ring of evasion
 q - a +6 ring of dexterity
Talismans
 b - a beast talisman (active)
Scrolls
 c - a scroll of butterflies {unknown}
 e - a scroll of amnesia {unknown}
 f - 2 scrolls of enchant armour {unknown}
 i - 5 scrolls of identify {unknown}
 j - 4 scrolls of vulnerability {unknown}
 l - a scroll of poison {unknown}
 m - 3 scrolls of fog {unknown}
 t - a scroll of torment {unknown}
 u - a scroll of noise {unknown}
 v - 2 scrolls of teleportation {unknown}
 x - a scroll of blinking {unknown}
Potions
 a - 2 potions of lignification
 k - 3 potions of brilliance
 r - a potion of curing
 w - a potion of degeneration {unknown}
 z - a potion of heal wounds {unknown}


   Skills:
 - Level 1.1 Fighting
 - Level 2.8 Throwing
 - Level 1.7 Dodging
 * Level 8.7 Unarmed Combat
 - Level 3.9 Spellcasting
 + Level 4.2 Ice Magic
 * Level 3.8 Invocations
 + Level 5.5 Shapeshifting


You had 5 spell levels left.
You knew the following spells:

 Your Spells              Type           Power      Damage    Failure   Level
a - Freeze                Ice            32%        1d5       1%          1
b - Frozen Ramparts       Ice            16%        1d3       6%          3
c - Hailstorm             Conj/Ice       5%         3d4       16%         3
d - Call Canine Familiar  Summ           1%         N/A       32%         3

Your spell library contained the following spells:

 Spells                   Type           Power      Damage    Failure   Level
 Apportation              Tloc           2%         N/A       12%         1
 Necrotise                Necr           4%         1d4       12%         1
 Summon Small Mammal      Summ           4%         N/A       12%         1
 Inner Flame              Hex/Fire       1%         N/A       32%         3
 Summon Guardian Golem    Hex/Summ       1%         N/A       32%         3
 Vhi's Electric Charge    Tloc/Air       2%         N/A       32%         3
 Volatile Blastmotes      Fire/Tloc      2%         2d10      32%         3
 Flame Wave               Conj/Fire      1%         2d4       71%         4
 Fulminant Prism          Conj/Hex       0%         3d5       71%         4
 Iskenderun's Mystic Bla  Conj/Tloc      1%         2d3       71%         4
 Sticky Flame             Conj/Fire      1%         2d3       71%         4
 Arcjolt                  Conj/Air       0%         1d10      96%         5
 Summon Forest            Summ/Tloc      0%         N/A       96%         5
 Summon Mana Viper        Hex/Summ       1%         N/A       96%         5
 Summon Cactus Giant      Summ           0%         N/A       100%        6
 Maxwell's Capacitive Co  Air            0%         ∞         100%        8


Dungeon Overview and Level Annotations

Branches:
Dungeon (8/15)             Temple (0/1) D:4
   Lair: D:8-11

Altars:
Cheibriados
Hepliaklqana
Makhleb
Okawaru
Trog
Xom

Shops:
D:1 *

Annotations:
D:3 3 runed translucent doors, knightboat's ghost, amateur DEHu


Innate Abilities, Weirdness & Mutations

You are a hulking beast.
Your limbs bulge with bestial killing power. (Slay +3)
You can breathe waves of freezing cold which knock back foes.
Your icy white scales are hard. (AC +7)
You cannot fit into any form of body armour.
Your flesh is cold resistant. (rC+)
You are cold-blooded and may be slowed by cold attacks.


Message History

The splash of acid hits you!
* * * LOW HITPOINT WARNING * * *
The acid corrodes you!
The orc priest begins to cast a cantrip, but forgets the words!
You hear a shout!
You climb upwards.
There is a stone staircase leading down here.
Aiming: Minor Destruction (2% risk of failure)
Press: ? - help, Q - select action, (/) - cycle Shift-Dir - straight line, f - acid dragon
Aim: an acid dragon (severely wounded, catching its breath)
The zap hits the acid dragon.
The acid dragon is severely wounded.
The zap misses the acid dragon.
The acid dragon bites you!
* * * LOW HITPOINT WARNING * * *
The acid dragon claws you.
* * * LOW HITPOINT WARNING * * *
The orc priest closely misses you.
Really quaff the potion of lignification?
Okay, then.
It was a potion of enlightenment.
You feel very buoyant.
You fly up into the air.
The acid dragon misses you.
The acid dragon claws you but does no damage.
The orc priest closely misses you.
It was a potion of ambrosia.
You are confused.
You feel invigorated. The acid dragon closely misses you.
The acid dragon claws you.
* * * LOW HITPOINT WARNING * * *
The orc priest hits you with a +0 hand axe.
* * * LOW HITPOINT WARNING * * *
The acid dragon bites you but does no damage.
The acid dragon claws you.
* * * LOW HITPOINT WARNING * * *
The orc priest barely misses you. The orc priest misses you.
The acid dragon spits acid at you. The splash of acid hits you!!
You die...

#.# ##.....#.#
###.###### #..###...#
#........# #.####...##
#........# #.###.)....
#..)..)..###...[.....#
#.))).)....).)#..###.#
#.[).....###.#..## #..
#........# #.#.#####..
#....h...# #.#....#...
#..D..<..# #.#......##
###o########.#....####
#.# ##...#....#### #.#
#..###......## #.#
##.#.......#... #.#
#..#.###...###. #.#
#.#..# #...# #. #.#
#.#.## #...# #.


You could see an acid dragon (catching breath) and an orc priest.

Vanquished Creatures
  Prince Ribbit (D:5)
  Eustachio (D:6)
  2 black bears
  An orc warrior (D:7)
  A sky beast (D:3)
  2 ogres
  A centaur (D:7)
  2 phantoms
  A kobold brigand (D:7)
  Blork the orc (D:5)
  2 bullfrogs
  A gnoll sergeant (D:7)
  5 scorpions
  A howler monkey (D:6)
  3 orc priests
  A hound (D:3)
  3 jellies
  2 iguanas
  Ijyb (D:3)
  5 orc wizards
  A sleepcap (D:6)
  7 gnolls
  8 adders
  A shadow imp (D:6)
  2 white imps
  2 worms (D:3)
  4 dart slugs
  26 orcs
  9 ball pythons
  4 bats
  5 endoplasms
  4 giant cockroaches
  6 hobgoblins
  2 jackals (D:1)
  7 kobolds
  7 quokkas
  4 frilled lizards
  6 goblins
  2 rats (D:2)
144 creatures vanquished.

Notes
Turn   | Place    | Note
-------+----------+-------------------------------------------
     0 | D:1      | MisterAzrael the Draconian Shapeshifter began the quest for
                  | the Orb.
     0 | D:1      | Reached XP level 1. HP: 16/16 MP: 1/1
    44 | D:1      | Reached XP level 2. HP: 23/23 MP: 2/2
   366 | D:1      | Reached XP level 3. HP: 22/28 MP: 3/3
   422 | D:1      | Found Ygoar's General Store.
   639 | D:2      | Identified the +4 whip of Uppat {venom, rCorr}
   885 | D:2      | Found a faded altar of an unknown god.
  1390 | D:3      | Reached skill level 4 in Unarmed Combat
  1430 | D:3      | Noticed Ijyb
  1438 | D:3      | Killed Ijyb
  1439 | D:3      | Reached XP level 4. HP: 26/35 MP: 4/4
  1524 | D:3      | Found a burning altar of Makhleb.
  1538 | D:3      | Reached skill level 1 in Throwing
  1580 | D:3      | Became a worshipper of Makhleb the Destroyer
  1624 | D:3      | Noticed a sky beast
  1637 | D:3      | HP: 1/35 [something (6)]
  1646 | D:3      | Killed a sky beast
  1647 | D:3      | Reached XP level 5. HP: 6/40 MP: 5/5
  1825 | D:3      | Found a runed translucent gate.
  1825 | D:3      | Found a runed translucent gate.
  1825 | D:3      | Found a runed translucent gate.
  1828 | D:3      | Noticed knightboat's ghost (amateur DEHu)
  1893 | D:3      | Reached skill level 5 in Unarmed Combat
  2101 | D:3      | Found a hazy altar of Hepliaklqana.
  2102 | D:3      | Found a snail-covered altar of Cheibriados.
  2155 | D:3      | Reached XP level 6. HP: 41/47 MP: 6/6
  2200 | D:4      | Found a shimmering altar of Xom.
  2269 | D:4      | Reached * piety under Makhleb
  2389 | D:4      | Reached skill level 6 in Unarmed Combat
  2612 | D:4      | Found a staircase to the Ecumenical Temple.
  2630 | D:4      | Your scales start taking on an icy white colour.
  2630 | D:4      | Reached XP level 7. HP: 52/52 MP: 7/7
  2630 | D:4      | Gained mutation: Your flesh is cold resistant. (rC+) [White
                  | Draconian growth]
  2854 | D:4      | Found an iron altar of Okawaru.
  2889 | D:4      | Reached skill level 1 in Spellcasting
  2946 | D:4      | Learned a level 1 spell: Freeze
  2950 | D:4      | Learned a level 3 spell: Frozen Ramparts
  2954 | D:4      | Learned a level 3 spell: Hailstorm
  3303 | D:5      | Entered Level 5 of the Dungeon
  3366 | D:5      | Reached skill level 1 in Ice Magic
  3486 | D:5      | Noticed Blork the orc
  3497 | D:5      | Killed Blork the orc
  3575 | D:5      | Noticed Prince Ribbit
  3588 | D:5      | Reached skill level 7 in Unarmed Combat
  3588 | D:5      | Reached XP level 8. HP: 43/59 MP: 11/11
  3593 | D:5      | Killed Prince Ribbit
  3596 | D:5      | Reached ** piety under Makhleb
  4042 | D:5      | Reached skill level 5 in Shapeshifting
  4705 | D:6      | Learned a level 3 spell: Call Canine Familiar
  5523 | D:6      | Reached skill level 1 in Invocations
  5537 | D:6      | Noticed Eustachio
  5560 | D:6      | Killed Eustachio
  5561 | D:6      | Reached skill level 8 in Unarmed Combat
  6093 | D:6      | Reached XP level 9. HP: 33/64 MP: 14/14
  6881 | D:7      | Found a bloodstained altar of Trog.
  7261 | D:7      | HP: 3/64 [acid dragon (13)]
  7266 | D:7      | Killed from afar by an acid dragon

Illustrated notes

Levels and vault maps discovered:
D:1:      dpeg_arrival_oval, layout_rooms, serial_rivers,
          chequers_serial_rivers_micro_c, chequers_serial_rivers_marsh,
          chequers_serial_rivers_micro_b, chequers_serial_rivers_micro_e,
          chequers_serial_rivers_micro_c, serial_shops, shop
D:2:      layout_basic, dreamdust_ecumenical_altar_hidden_monk_grotto
D:3:      layout_rooms, mainiacjoe_overflow_concentric_impassable,
          chequers_temple_overflow_statue_of_worship,
          gammafunk_ghost_nasty_kobolds, minmay_misc_feat_encased, uniq_ijyb
D:4:      layout_basic, old_standard_altar, mainiacjoe_overflow_chevrons,
          minmay_temple_entry_stoned_glass
D:5:      layout_basic, uniq_blork_the_orc, uniq_prince_ribbit1
D:6:      layout_layer_cave, kennysheep_generic_room_5, uniq_eustachio
D:7:      layout_rooms, mainiacjoe_overflow_cross_hatched
D:8:      layout_cave_pools, uniq_erica

Skill      XL: |  1  2  3  4  5  6  7  8  9 |
---------------+----------------------------+-----
Unarmed Combat | 4 5 6 7 8 |  8.7
Throwing       | 1 2 |  2.8
Shapeshifting  | 4 5 |  5.5
Spellcasting   | 2 3 |  3.9
Ice Magic      | 1 3 4 |  4.2
Invocations    | 2 3 |  3.8
Fighting       | |  1.1
Dodging        | |  1.7

Action                     |  1- 3 |  4- 6 |  7- 9 || total
---------------------------+-------+-------+-------++-------
  Melee: Unarmed           |    84 |   109 |   113 ||   306
         Tailslap          |    10 |    14 |    13 ||    37
         Punch             |     1 |     7 |     3 ||    11
  Throw: Dart              |       |     2 |       ||     2
   Cast: Freeze            |       |       |    17 ||    17
         Frozen Ramparts   |       |       |     4 ||     4
         Hailstorm         |       |       |     2 ||     2
 Invoke: Minor Destruction |       |       |    39 ||    39
Ability: Breathe Frost     |       |       |    21 ||    21
  Evoke: Wand              |       |       |    46 ||    46
    Use: Potion            |     1 |     5 |     4 ||    10
   Stab: Sleeping          |       |     1 |       ||     1
 Armour: Skin              |    23 |    29 |    78 ||   130
  Dodge: Dodged            |    36 |    62 |   174 ||   272

Table legend: (Time is in decaauts)
 A = Elapsed time spent in this place.
 B = Non-inter-level travel time spent in this place.
 C = Inter-level travel time spent in this place.
 D = Time resting spent in this place.
 E = Time spent auto-exploring this place.
 F = Levels seen in this place.
 G = Mean time per level.
                   A        B        C        D        E       F      G
               +--------+--------+--------+--------+--------+-----+--------+
         Total |   7236 |   7113 |    123 |   1714 |   4311 |   8 |  904.5 |
       Dungeon |   7236 |   7113 |    123 |   1714 |   4311 |   8 |  904.5 |
               +--------+--------+--------+--------+--------+-----+--------+

Top non-repeatable levels by time:
     D:6: 2171 daAuts
     D:4: 1121 daAuts
     D:5: 1007 daAuts
     D:2: 850 daAuts
     D:3: 782 daAuts
     D:7: 769 daAuts
     D:1: 527 daAuts
     D:8: 5 daAuts
